 Dungeon Crawl Stone Soup version 0.30-a0-3-gc9032a9cac (webtiles) character file.

Game seed: 3891419585776774925

122 BritishOli the Trooper (level 4, 27/37 HPs)
             Began as a Demonspawn Fighter on Aug 20, 2022.
             Got out of the dungeon alive.
             The game lasted 00:01:35 (2104 turns).

BritishOli the Trooper (Demonspawn Fighter)         Turns: 2104, Time: 00:01:35

Health: 27/37      AC: 11    Str: 18    XL:     4   Next: 78%
Magic:  4/4        EV:  5    Int:  9    God:
Gold:   60         SH:  9    Dex: 13    Spells: 3/3 levels left

rFire   . . .      SeeInvis .    a - +0 long sword
rCold   . . .      Faith    .    c - +0 buckler
rNeg    . . .      Spirit   .    h - +0 plate armour
rPois   .          Reflect  .    (no helmet)
rElec   .          Harm     .    (no cloak)
rCorr   .          Rampage  .    (no gloves)
Will    .....                    (no boots)
Stlth   ..........               (no amulet)
HPRegen 0.12/turn                (no ring)
MPRegen 0.18/turn                (no ring)

@: no status effects
A: magic regeneration, condensation shield
a: no special abilities


You escaped.
You visited 1 branch of the dungeon, and saw 2 of its levels.

You collected 60 gold pieces.

Inventory:

Hand Weapons
 a - a +0 long sword (weapon)
Armour
 b - a +0 scale mail
 c - a +0 buckler (worn)
 h - a +0 plate armour (worn)
Scrolls
 e - 2 scrolls of teleportation {unknown}
 f - 2 scrolls of noise {unknown}
 g - a scroll of vulnerability {unknown}
 i - a scroll of fear {unknown}
 l - a scroll of brand weapon {unknown}
 o - a scroll of amnesia {unknown}
 p - a scroll of poison {unknown}
 q - a scroll of enchant weapon {unknown}
Potions
 d - a potion of might
 j - 2 potions of curing {unknown}
 k - a potion of mutation {unknown}
 m - a potion of magic {unknown}
 n - a potion of attraction {unknown}


   Skills:
 + Level 3.8 Fighting
 + Level 2.6 Long Blades
 + Level 3.4 Armour
 + Level 3.4 Shields


You had 3 spell levels left.
You didn't know any spells.
Your spell library contained the following spells:

 Spells                   Type           Power      Damage    Failure   Level
 Ensorcelled Hibernation  Hex/Ice        0%         N/A       100%        2
 Dazzling Flash           Conj/Hex       0%         N/A       100%        3
 Spider Form              Tmut/Pois      0%         N/A       100%        3
 Anguish                  Hex/Necr       0%         N/A       100%        4
 Iskenderun's Mystic Bla  Conj/Tloc      0%         2d3       100%        4
 Starburst                Conj/Fire      0%         6d3       100%        6


Dungeon Overview and Level Annotations

Branches:
Dungeon (2/15)

Altars:

Shops:
D:1 :


Innate Abilities, Weirdness & Mutations

You regenerate magic rapidly.
A meltable shield of frost defends you. (SH +4)


Message History

You hit the scorpion.
The scorpion is severely wounded.
The scorpion stings you.
The scorpion stings you but does no damage.
You closely miss the scorpion.
The scorpion is heavily wounded.
You block the scorpion's attack.
You barely miss the scorpion.
The scorpion is heavily wounded.
You block the scorpion's attack. x2
You hit the scorpion.
The scorpion is almost dead.
You block the scorpion's attack.
You closely miss the scorpion.
The scorpion is almost dead.
The scorpion stings you but does no damage.
You block the scorpion's attack.
You closely miss the scorpion.
The scorpion is almost dead.
The scorpion stings you. x2
You hit the scorpion.
You kill the scorpion!
You have reached level 4!
You feel agile.
Your demonic ancestry asserts itself...
Your magic begins to regenerate rapidly.
(D) Dungeon
Where to? (Enter - D:2, ? - help)
There is an open door here.
There is a stone staircase leading up here.
You climb upwards.
There is a stone staircase leading down here.
(D) Dungeon
Where to? (Enter - D:1, ? - help)
Okay, then.
There is an open door here.
There is an open door here.
There is an open door here.
There is a staircase leading out of the dungeon here.
Are you sure you want to leave the Dungeon?
This will make you lose the game!
You have escaped!

## #.#.# #..# #...####..
.#####.#.# #'#######+### ##.
.......#.# ##.........## #.
)#######.# ##...#####...## #. .#
#.# ##.#.#.###.#.#.## #.
.#######.# ##.##.##.#.##.##.## #.
......##.###.###.###.###.###.###.
......|#.##.####.##.#.##.####.##.
.......#.'......@..###.........'.
.......#.#).####.### ###.####..#.
...)...#.#.#.###.# #.###.#†#.
.......#.#.##.#.## ##.#.##.#.
######.#.#.###.## ##.###.#.
.......#.#.##.#.## ##.#.##.#.
########.#.#.###.# #.###.#.#.
....)....#..####)### ###.####..#.
###.)###.'.........###.........'.


There were no monsters in sight!

Vanquished Creatures
  A scorpion (D:2)
  An adder (D:2)
  3 endoplasms (D:1)
  4 giant cockroaches
  8 goblins
  6 hobgoblins
  5 kobolds
  3 quokkas
  6 ball pythons
  2 bats
  A frilled lizard (D:2)
  6 rats
46 creatures vanquished.

Notes
Turn   | Place    | Note
-------+----------+-------------------------------------------
     0 | D:1      | BritishOli the Demonspawn Fighter began the quest for the
                  | Orb.
     0 | D:1      | Reached XP level 1. HP: 18/18 MP: 1/1
    97 | D:1      | Found Ugeobuz's Book Shop.
   329 | D:1      | Gained mutation: A meltable shield of frost defends you.
                  | (SH +4) [demonic ancestry]
   329 | D:1      | Reached XP level 2. HP: 24/24 MP: 2/2
   635 | D:1      | Found a faded altar of an unknown god.
   872 | D:1      | Reached XP level 3. HP: 25/29 MP: 3/3
  1574 | D:2      | Identified the +1 robe of the Solemn Gastropod {rF- Will+++
                  | Int+3 Dex+3}
  2028 | D:2      | Noticed a scorpion
  2044 | D:2      | Killed a scorpion
  2045 | D:2      | Gained mutation: You regenerate magic rapidly. [demonic
                  | ancestry]
  2045 | D:2      | Reached XP level 4. HP: 20/37 MP: 4/4
  2104 | D:$      | Got out of the dungeon alive.

Illustrated notes

Levels and vault maps discovered:
D:1:      roderic_octagonal_star, layout_basic, serial_shops, shop,
          dreamdust_ecumenical_altar_statues
D:2:      minmay_chambers_of_ones, layout_basic, kennysheep_generic_room_2

Skill      XL: |  1  2 |
---------------+-------+-----
Long Blades    | 2 |  2.6
Armour         | 3 |  3.4
Shields        | 3 |  3.4
Fighting       | |  3.8

Action                   |  1- 3 |  4- 6 || total
-------------------------+-------+-------++-------
Melee: Long sword        |   200 |       ||   200
Armor: Scale mail        |    29 |       ||    29
       Plate armour      |    73 |       ||    73
Dodge: Dodged            |    43 |       ||    43
Block: Buckler           |    97 |       ||    97

Table legend: (Time is in decaauts)
 A = Elapsed time spent in this place.
 B = Non-inter-level travel time spent in this place.
 C = Inter-level travel time spent in this place.
 D = Time resting spent in this place.
 E = Time spent auto-exploring this place.
 F = Levels seen in this place.
 G = Mean time per level.
                   A        B        C        D        E       F      G
               +--------+--------+--------+--------+--------+-----+--------+
         Total |   2171 |   2097 |     74 |      0 |   1669 |   2 | 1085.5 |
       Dungeon |   2171 |   2097 |     74 |      0 |   1669 |   2 | 1085.5 |
               +--------+--------+--------+--------+--------+-----+--------+

Top non-repeatable levels by time:
     D:1: 1500 daAuts
     D:2: 670 daAuts
